 Dungeon Sprint DCSS version 0.20-a0-1062-g7b787ac (webtiles) character file.

1341 Dipster the Grappler (level 8, 0/87 HPs)
             Began as a Troll Transmuter on Apr 27, 2017.
             Was an Elder of Cheibriados.
             Shot with an arrow by a centaur (3 damage)
             ... in the Dungeon (Sprint IX: "|||||||||||||||||||||||||||||").
             The game lasted 00:01:31 (330 turns).

Dipster the Grappler (Troll Transmuter)              Turns: 330, Time: 00:01:32

Health: 0/87       AC:  6    Str: 33    XL:     8   Next: 35%
Magic:  12/15      EV: 10    Int: 18    God:    Cheibriados [****..]
Gold:   0          SH:  0    Dex: 22    Spells: 16/17 levels left

rFire    . . .     SeeInvis .     - Unarmed
rCold    . . .     Gourm    +   (no shield)
rNeg     . . .     Faith    .   b - +0 robe
rPois    .         Spirit   .   (helmet restricted)
rElec    .         Reflect  .   o - +0 cloak
rCorr    .         Harm     .   (gloves unavailable)
MR       .....     NoTele   +   (boots unavailable)
Stlth    ++........             (no amulet)
Regen    0.7/turn               q - +3 ring of dexterity
MPRegen  0.2/turn               p - +3 ring of strength

@: very slow
A: unfitting armour, claws 3, fast metabolism 3, gourmand, regeneration 1,
shaggy fur 1, tough skin 2
a: Bend Time, Temporal Distortion, Slouch, Renounce Religion


You were in the Dungeon.
You worshipped Cheibriados.
Cheibriados was greatly pleased with you.
You were completely stuffed.

You visited 1 branch

Inventory:

Missiles
 a - 29 arrows
Armour
 b - a +0 robe (worn)
 o - a +0 cloak (worn)
Jewellery
 p - a +3 ring of strength (right claw)
 q - a +3 ring of dexterity (left claw)
Wands
 n - a wand of acid (7/15)
Scrolls
 j - 2 scrolls of blinking
 l - 3 scrolls of remove curse
 m - 2 scrolls of amnesia
Potions
 e - 5 potions of curing
 f - 2 potions of heal wounds
 g - a potion of haste
 h - 4 potions of magic
 i - a potion of berserk rage
 k - a potion of invisibility
Books
 c - a book of Changes

   Spells                             Type                      Level
   a - Beastly Appendage              Transmutation                1
   b - Sticks to Snakes               Transmutation                2
   c - Spider Form                    Transmutation/Poison         3
   d - Ice Form                       Ice/Transmutation            4
   e - Blade Hands                    Transmutation                5
Comestibles
 d - 2 bread rations
 r - 2 chunks of flesh


   Skills:
 + Level 7.0 Fighting
 - Level 1.5 Dodging
 * Level 12.0 Unarmed Combat
 + Level 5.4 Spellcasting
 + Level 6.5 Transmutations


You had 16 spell levels left.
You knew the following spells:

 Your Spells              Type           Power        Failure   Level  Hunger
a - Beastly Appendage     Tmut           ####..       1%          1    None


Dungeon Overview and Level Annotations

Branches:
Dungeon (1/1)

Altars:
Cheibriados
Dithmenos
Elyvilon
Fedhas
Gozag
Hepliaklqana
Kikubaaqudgha
Makhleb
Nemelex Xobeh
Okawaru
Qazlal
Ru
Sif Muna
Trog
Uskayaw
Vehumet
Wu Jian
Xom
Yredelemnul
Zin
The Shining One
Beogh
Jiyva
Lugonu


Innate Abilities, Weirdness & Mutations

You are too large for most types of armour.
You have claws for hands.
Your metabolism is lightning-fast.
You like to eat raw meat.
Your natural rate of healing is unusually fast.
You are covered in fur. (AC +1)
You have very tough skin. (AC +2)


Message History

Cheibriados appreciates the change of pace.
You can now inflict damage on those overly hasty.
Cheibriados raises the support of your attributes as your movement slows.
The centaur wields a shortbow.
The centaur shoots an arrow.
The orc wizard gestures wildly while chanting.
The orc wizard flickers and vanishes!
You scratch something but do no damage. Your claw misses something.
The centaur shoots an arrow.
The arrow closely misses you. Something hits you!
* * * LOW HITPOINT WARNING * * *
Something bites you!
* * * LOW HITPOINT WARNING * * *
Something draws strength from your injuries!
You mangle something!!
Cheibriados thoroughly appreciates the change of pace.
Reactivating autopickup.
Your Fighting skill increases to level 7!
Your Unarmed Combat skill increases to level 12!
You feel a bit more experienced.
The centaur shoots an arrow.
The arrow hits you.
You die... ▓▓▓▓▓▓▓▓▓▓▓▓▓▓▓▓▓▓▓▓▓▓▓ +.{c()@((..))†'..[[.)|. ▓▓▓▓▓▓▓▓▓▓▓▓▓▓▓▓▓▓▓▓▓▓▓

You could see a centaur.

Vanquished Creatures
  A centaur warrior (D)
  A vampire (D)
  A black bear (D)
  2 phantoms (D)
  2 centaurs (D)
  A wight (D)
  A hound (D)
  An iguana (D)
  2 worker ants (D)
  A dart slug (D)
  An orc (D)
  2 goblins (D)
  A ball python skeleton (D)
  2 frilled lizards (D)
  A leopard gecko skeleton (D)
20 creatures vanquished.

Notes
Turn   | Place    | Note
-------+----------+-------------------------------------------
     0 | D        | Dipster the Troll Transmuter began the quest for the Orb.
     0 | D        | Reached XP level 1. HP: 18/18 MP: 1/1
     8 | D        | Reached skill level 1 in Fighting
    34 | D        | Noticed a phantom
    34 | D        | Noticed a worker ant
    34 | D        | Noticed an iguana
    42 | D        | Killed an iguana
    42 | D        | Reached skill level 5 in Unarmed Combat
    42 | D        | Reached XP level 2. HP: 16/28 MP: 4/4
    42 | D        | Reached XP level 3. HP: 21/35 MP: 5/5
   188 | D        | Killed a phantom
   188 | D        | Reached skill level 7 in Unarmed Combat
   188 | D        | Reached XP level 4. HP: 28/46 MP: 5/7
   188 | D        | Reached XP level 5. HP: 32/53 MP: 5/8
   220 | D        | Found a roughly hewn altar of Beogh.
   220 | D        | Found a snail-covered altar of Cheibriados.
   220 | D        | Found a shadowy altar of Dithmenos.
   220 | D        | Found a white marble altar of Elyvilon.
   220 | D        | Found a blossoming altar of Fedhas.
   220 | D        | Found an opulent altar of Gozag.
   221 | D        | Found a hazy altar of Hepliaklqana.
   222 | D        | Found a viscous altar of Jiyva.
   223 | D        | Found an ancient bone altar of Kikubaaqudgha.
   224 | D        | Found a corrupted altar of Lugonu.
   226 | D        | Became a worshipper of Cheibriados the Contemplative
   228 | D        | Found a burning altar of Makhleb.
   229 | D        | Found a sparkling altar of Nemelex Xobeh.
   230 | D        | Found an iron altar of Okawaru.
   231 | D        | Found a stormy altar of Qazlal.
   232 | D        | Found a sacrificial altar of Ru.
   233 | D        | Found a deep blue altar of Sif Muna.
   234 | D        | Found a bloodstained altar of Trog.
   235 | D        | Found a hide-covered altar of Uskayaw.
   236 | D        | Found a radiant altar of Vehumet.
   237 | D        | Found an ornate altar of the Wu Jian Council.
   238 | D        | Found a shimmering altar of Xom.
   239 | D        | Found a basalt altar of Yredelemnul.
   240 | D        | Found a glowing silver altar of Zin.
   241 | D        | Found a glowing golden altar of the Shining One.
   273 | D        | Noticed a centaur
   273 | D        | Noticed a black bear
   280 | D        | Killed a black bear
   280 | D        | Reached * piety under Cheibriados
   280 | D        | Reached skill level 8 in Unarmed Combat
   282 | D        | Reached XP level 6. HP: 52/63 MP: 8/10
   284 | D        | Reached ** piety under Cheibriados
   284 | D        | Reached skill level 9 in Unarmed Combat
   290 | D        | Reached skill level 5 in Fighting
   290 | D        | Reached skill level 5 in Transmutations
   313 | D        | Noticed a vampire
   313 | D        | Noticed a centaur warrior
   320 | D        | Killed a centaur warrior
   320 | D        | Reached *** piety under Cheibriados
   320 | D        | Reached skill level 11 in Unarmed Combat
   320 | D        | Reached skill level 5 in Spellcasting
   320 | D        | Reached XP level 7. HP: 49/76 MP: 11/13
   320 | D        | Reached XP level 8. HP: 54/84 MP: 11/14
   328 | D        | Reached **** piety under Cheibriados
   329 | D        | HP: 3/84 [something (13)]
   330 | D        | Reached skill level 12 in Unarmed Combat
   330 | D        | Shot with an arrow by a centaur

Vault maps used:
D:        linesprint

Skill      XL: |  1  2  3  4  5  6  7  8 |
---------------+-------------------------+-----
Fighting       | 2 3 4 6 7 |  7.0
Unarmed Combat | 5 7 8 11 12 | 12.0
Spellcasting   | 2 3 5 |  5.4
Transmutations | 2 3 4 6 |  6.5
Dodging        | |  1.5

Action                   |  1- 3 |  4- 6 |  7- 9 || total
-------------------------+-------+-------+-------++-------
Melee: Unarmed           |    42 |    20 |     9 ||    71
       Punch             |       |       |     1 ||     1
  Use: Potion            |       |     1 |       ||     1
  Eat: Chunk             |     2 |     6 |       ||     8
Armor: Robe              |    10 |     7 |     2 ||    19
Dodge: Dodged            |    10 |    14 |     6 ||    30
